 Dungeon Crawl Stone Soup version 0.29-a0-550-g81e455f4c2 (webtiles) character file.

Game seed: 1811443577086584155

53 Lekart the Ruffian (level 3, -5/28 HPs)
             Began as a Draconian Transmuter on June 5, 2022.
             Slain by a kobold
             ... wielding a +2 whip of distortion
              (19 damage)
             ... on level 2 of the Dungeon.
             The game lasted 00:01:45 (1754 turns).

Lekart the Ruffian (Draconian Transmuter)           Turns: 1754, Time: 00:01:45

Health: -5/28      AC:  5    Str: 12    XL:     3   Next: 64%
Magic:  3/6        EV: 12    Int: 15    God:
Gold:   78         SH:  0    Dex: 11    Spells: 4/7 levels left

rFire   . . .      SeeInvis .     - Unarmed
rCold   . . .      Faith    .   (no shield)
rNeg    . . .      Spirit   .   (body armour unavailable)
rPois   .          Reflect  .   (helmet currently unavailable)
rElec   .          Harm     .   (no cloak)
rCorr   .          Rampage  .   (no gloves)
Will    .....                   (boots currently unavailable)
Stlth   +.........              (no amulet)
HPRegen 0.09/turn               (no ring)
MPRegen 0.10/turn               (no ring)

@: appendages, wereblooded
A: horns 2, talons 2, AC +5, unfitting armour, cold-blooded
a: End Transformation


You were on level 2 of the Dungeon.
You had temporarily grown beastly horns and talons.
You visited 1 branch of the dungeon, and saw 2 of its levels.

You collected 78 gold pieces.

Inventory:

Scrolls
 b - a scroll of poison {unknown}
 c - a scroll of amnesia {unknown}
 d - a scroll of enchant weapon {unknown}
 e - a scroll of noise {unknown}
 g - 3 scrolls of identify {unknown}
Potions
 a - a potion of degeneration {unknown}
 f - a potion of flight {unknown}
 h - a potion of curing {unknown}


   Skills:
 + Level 1.1 Fighting
 + Level 2.1 Dodging
 + Level 0.5 Stealth
 + Level 3.5 Unarmed Combat
 + Level 2.6 Spellcasting
 + Level 2.4 Transmutations


You had 4 spell levels left.
You knew the following spells:

 Your Spells              Type           Power      Damage    Failure   Level
a - Beastly Appendage     Tmut           18%        N/A       8%          1
b - Wereblood             Tmut           9%         N/A       12%         2

Your spell library contained the following spells:

 Spells                   Type           Power      Damage    Failure   Level
 Spider Form              Tmut/Pois      5%         N/A       36%         3
 Ice Form                 Ice/Tmut       5%         N/A       77%         4


Dungeon Overview and Level Annotations

Branches:
Dungeon (2/15)

Altars:


Innate Abilities, Weirdness & Mutations

You have temporarily grown beastly horns and talons.
Your plain brown scales are hard. (AC +5)
You cannot fit into any form of body armour.
You are cold-blooded and may be slowed by cold attacks.


Message History

Your transformation is almost over.
The adder bites you.
You closely miss the adder.
The adder is heavily wounded.
The adder barely misses you.
You hit the adder.
The adder is severely wounded.
The adder closely misses you. The adder bites you but does no damage.
You hit the adder.
You feel a bit better.
You kill the adder!
No target in view!
No target in view!
Your primal bloodlust is almost over.
Your horns disappear.
Your talons disappear.
You howl as the wereblood boils in your veins!
You howl as the wereblood boils in your veins!
Your primal bloodlust has ended.
A kobold comes into view. It is wielding a +2 whip of distortion.
Found a ring mail.
The kobold shouts!
A kobold is nearby!
Casting: Beastly Appendage (safe; 8% risk of failure)
Confirm with . or Enter, or press ? or * to list all spells.
Your blood is infused with primal strength.
Casting: Wereblood (safe; 12% risk of failure)
Confirm with . or Enter, or press ? or * to list all spells.
You grow a pair of large bovine horns.
Your feet morph into talons.
The kobold barely misses you.
You hit the kobold.
The kobold is heavily wounded.
The kobold barely misses you.
You closely miss the kobold. Your kick misses the kobold.
The kobold is heavily wounded.
The kobold hits you but does no damage. Space warps horribly around you!
You closely miss the kobold.
The kobold is heavily wounded.
The kobold hits you with a +2 whip of distortion.
Space warps horribly around you!!
Ouch! That really hurt!
You die...

## #### #..
..[. #.. ..#
#.# ...#
#.###..#
#...K..#
#..@..#
#...###
#.####
#....####
#.......###
#.........##
#..........##
#.###.####..#
#.#
#...##..## #


You could see a kobold.

Vanquished Creatures
  2 adders (D:2)
  A dart slug (D:1)
  A ball python (D:2)
  2 endoplasms
  2 giant cockroaches
  4 goblins
  2 hobgoblins (D:2)
  4 jackals (D:2)
  3 kobolds
  A quokka (D:2)
  A bat (D:1)
  5 frilled lizards
  3 rats (D:2)
31 creatures vanquished.

Notes
Turn   | Place    | Note
-------+----------+-------------------------------------------
     0 | D:1      | Lekart the Draconian Transmuter began the quest for the
                  | Orb.
     0 | D:1      | Reached XP level 1. HP: 16/16 MP: 3/3
   575 | D:1      | Reached XP level 2. HP: 22/23 MP: 3/5
  1513 | D:2      | Reached XP level 3. HP: 28/28 MP: 6/6
  1687 | D:2      | Learned a level 2 spell: Wereblood
  1754 | D:2      | Slain by a kobold

Illustrated notes

Levels and vault maps discovered:
D:1:      minmay_arrival_split_and_join, layout_loops_ring,
          wander_ebering_terrifying_dragon_lair
D:2:      minmay_recursive_quarters, layout_loops_ring

Skill      XL: |  1  2 |
---------------+-------+-----
Dodging        | 2 |  2.1
Fighting       | |  1.1
Stealth        | |  0.5
Unarmed Combat | |  3.5
Spellcasting   | |  2.6
Transmutations | |  2.4

Action                   || total
-------------------------++-------
Melee: Unarmed           ||    92
       Kick              ||    13
       Tailslap          ||     8
       Headbutt          ||     6
       Punch             ||     2
 Cast: Beastly Appendage ||    21
       Wereblood         ||     2
  Use: Potion            ||     1
 Stab: Sleeping          ||     2
Armor: Skin              ||    55
Dodge: Dodged            ||    66

Table legend: (Time is in decaauts)
 A = Elapsed time spent in this place.
 B = Non-inter-level travel time spent in this place.
 C = Inter-level travel time spent in this place.
 D = Time resting spent in this place.
 E = Time spent auto-exploring this place.
 F = Levels seen in this place.
 G = Mean time per level.
                   A        B        C        D        E       F      G
               +--------+--------+--------+--------+--------+-----+--------+
         Total |   1748 |   1704 |     44 |    143 |   1351 |   2 |  874.0 |
       Dungeon |   1748 |   1704 |     44 |    143 |   1351 |   2 |  874.0 |
               +--------+--------+--------+--------+--------+-----+--------+

Top non-repeatable levels by time:
     D:1: 1000 daAuts
     D:2: 747 daAuts
